 Dungeon Crawl Stone Soup version 0.27.0-1-g7a089689b8 (webtiles) character file.

Game seed: 16409445020600813084

326 jasper the Grasshopper (level 6, -1/41 HPs)
             Began as a Demonspawn Hedge Wizard on Aug 8, 2021.
             Succumbed to a scorpion's poison
             ... on level 5 of the Dungeon.
             The game lasted 00:07:37 (5184 turns).

jasper the Grasshopper (Demonspawn Hedge Wizard)    Turns: 5184, Time: 00:07:38

Health: -1/41      AC:  3    Str: 10    XL:     6   Next: 24%
Magic:  1/10       EV: 12    Int: 18    God:
Gold:   156        SH:  0    Dex: 12    Spells: 1/11 levels left

rFire    . . .     SeeInvis .   g - +1 rapier (flame)
rCold    . . .     Faith    .   (no shield)
rNeg     . . .     Spirit   .   b - +0 robe
rPois    .         Reflect  .   c - +1 hat
rElec    .         Harm     .   (no cloak)
rCorr    .         Rampage  .   (no gloves)
Will     .....                  (no boots)
Stlth    ++........             (no amulet)
HPRegen  0.13/turn              (no ring)
MPRegen  0.12/turn              (no ring)

@: lethally poisoned (-1 -> -9), very slightly contaminated
A: horns 1, demonic magic 1
a: no special abilities


You were on level 5 of the Dungeon.
You visited 1 branch of the dungeon, and saw 6 of its levels.

You collected 189 gold pieces.
You spent 33 gold pieces at shops.

Inventory:

Hand Weapons
 a - a +0 dagger
 g - a +1 rapier of flaming (weapon)
Missiles
 d - 45 arrows
 j - 90 stones
Armour
 b - a +0 robe (worn)
 c - a +1 hat (worn)
Wands
 e - a wand of paralysis (9)
Scrolls
 i - 4 scrolls of identify
 l - 2 scrolls of vulnerability


   Skills:
 + Level 0.1 Fighting
 + Level 1.8 Dodging
 - Level 1.7 Stealth
 + Level 3.0 Spellcasting
 * Level 2.1 Conjurations
 - Level 3.0 Summonings
 - Level 3.3 Translocations
 - Level 3.0 Fire Magic
 + Level 0.2 Earth Magic


You had one spell level left.
You knew the following spells:

 Your Spells              Type           Power      Damage    Failure   Level
a - Magic Dart            Conj           40%        1d5       7%          1
b - Call Imp              Summ           13%        N/A       7%          2
c - Blink                 Tloc           N/A        N/A       6%          2
d - Conjure Flame         Conj/Fire      11%        6-21      17%         3
e - Passwall              Tmut/Erth      2%         N/A       24%         2

Your spell library contained the following spells:

 Spells                   Type           Power      Damage    Failure   Level
 Sandblast                Erth           6%         2d5       16%         1
 Gell's Gravitas          Tloc           7%         N/A       12%         3
 Lesser Beckoning         Tloc           7%         N/A       12%         3
 Teleport Other           Tloc           14%        N/A       12%         3
 Call Canine Familiar     Summ           13%        N/A       14%         3
 Slow                     Hex            2%         N/A       24%         2
 Portal Projectile        Hex/Tloc       16%        N/A       24%         3
 Mephitic Cloud           Conj/Pois/Air  5%         N/A       36%         3
 Iskenderun's Mystic Bla  Conj/Tloc      12%        2d5       45%         4
 Animate Armour           Summ/Erth      16%        N/A       63%         4
 Fulminant Prism          Conj/Hex       3%         3d6       71%         4
 Leda's Liquefaction      Hex/Erth       1%         N/A       83%         4
 Blade Hands              Tmut           1%         N/A       99%         5
 Lee's Rapid Deconstruct  Erth           1%         3d5*      99%         5
 Iron Shot                Conj/Erth      3%         9d2       100%        6


Dungeon Overview and Level Annotations

Branches:
Dungeon (6/15)
 Temple: D:4-7

Altars:
Hepliaklqana
Qazlal
Trog

Shops:
D:1 **!!   D:3 (


Innate Abilities, Weirdness & Mutations

You have a pair of small horns on your head.
Spells you cast may paralyse adjacent enemies.


Message History

The phantom is lightly damaged.
Malevolent energies surge around you.
The scorpion is no longer paralysed.
The phantom hits you!
The phantom blinks!
You blink.
Casting: Magic Dart (safe; 7% risk of failure)
Confirm with . or Enter, or press ? or * to list all spells.
A beastly little devil appears in a puff of frigid air.
Malevolent energies surge around you. The phantom hits you.
Casting: Call Imp (safe; 7% risk of failure)
Confirm with . or Enter, or press ? or * to list all spells.
You miscast Call Imp.
Nothing appears to happen.
The phantom hits you.
* * * LOW HITPOINT WARNING * * *
You aren't carrying any potions.
As you read the scroll labelled YVVULO QOMOGADGH, it crumbles to dust.
It is a scroll of brand weapon.
Your +1 rapier is engulfed in flames!
g - a +1 rapier of flaming (weapon)
Your white imp closely misses the phantom.
The phantom closely misses you.
Your white imp gestures at the phantom.
The puff of frost hits the phantom.
The phantom completely resists.
Your white imp gestures at the phantom.
The puff of frost hits the phantom.
The phantom resists.
Your white imp gestures at the phantom.
The puff of frost hits the phantom.
The phantom completely resists.
Your white imp gestures at the phantom.
The puff of frost hits the phantom.
The phantom completely resists.
The phantom closely misses you. The scorpion stings you!
* * * LOW HITPOINT WARNING * * *
You are lethally poisoned!
The scorpion poisons you!
Your white imp hits the phantom.
Your white imp freezes the phantom.
The phantom completely resists.
Okay, then.
You aren't carrying any potions.
Unknown command.
* * * LOW HITPOINT WARNING * * *
You feel very sick.
Unknown command.
Unknown command.
You die...

...#ยง#.#.#.#.....................
................................)
...#.#.#.#.#.....................
.................................
...#.#.#.#.#...............))....
................5..........).....
...#.#.#.#.#...sW................
.. ..........................
.........@................
..........................
..........................
..........................
.......................l
........................
........................
........................
........................


You could see a phantom (ally target), a scorpion and a friendly white imp
(summoned).

Vanquished Creatures
  A scorpion (D:4)
  A water moccasin skeleton (D:4)
  A howler monkey (D:4)
  A gnoll shaman (D:5)
  An iguana (D:5)
  2 gnolls (D:5)
  A white imp (D:6)
  An ufetubus (D:5)
  A worm (D:2)
  2 dart slugs
  3 bats
  4 endoplasms
  6 giant cockroaches
  7 goblins
  4 hobgoblins
  4 jackals
  6 quokkas
  4 ball pythons
  A frilled lizard (D:1)
  5 kobolds
  2 rats
58 creatures vanquished.

Vanquished Creatures (collateral kills)
  A hound (D:3)
  4 gnolls
  A quokka (D:1)
6 creatures vanquished.

Grand Total: 64 creatures vanquished

Notes
Turn   | Place    | Note
-------+----------+-------------------------------------------
     0 | D:1      | jasper the Demonspawn Hedge Wizard began the quest for the
                  | Orb.
     0 | D:1      | Reached XP level 1. HP: 13/13 MP: 4/4
    14 | D:1      | Found Laahergh's Distillery.
   160 | D:1      | Found Voypak's General Store.
   376 | D:1      | Gained mutation: You have a pair of small horns on your
                  | head. [demonic ancestry]
   376 | D:1      | Reached XP level 2. HP: 19/19 MP: 4/6
   379 | D:1      | Learned a level 2 spell: Call Imp
   416 | D:1      | Learned a level 2 spell: Blink
   453 | D:1      | Found a faded altar of an unknown god.
   651 | D:1      | Found Ymemneudgh's Distillery.
   766 | D:1      | Bought a potion of lignification for 33 gold pieces
   966 | D:1      | Found Cargh's Assorted Antiques.
  1306 | D:2      | Reached XP level 3. HP: 24/24 MP: 1/7
  1310 | D:2      | Learned a level 3 spell: Conjure Flame
  1727 | D:2      | Noticed a phantom
  1898 | D:3      | Reached skill level 1 in Fire Magic
  1898 | D:3      | Gained mutation: Spells you cast may paralyse adjacent
                  | enemies. [demonic ancestry]
  1898 | D:3      | Reached XP level 4. HP: 5/30 MP: 1/8
  2183 | D:3      | Found Ubasm's Weapon Boutique.
  2402 | D:3      | Found a hazy altar of Hepliaklqana.
  2821 | D:3      | Found a bloodstained altar of Trog.
  2991 | D:4      | Found a stormy altar of Qazlal.
  3261 | D:4      | Noticed a scorpion
  3267 | D:4      | Killed a scorpion
  3268 | D:4      | Reached XP level 5. HP: 35/35 MP: 0/9
  3388 | D:4      | Reached skill level 1 in Translocations
  3936 | D:5      | Entered Level 5 of the Dungeon
  4318 | D:6      | Noticed an ogre
  4550 | D:5      | Reached XP level 6. HP: 28/41 MP: 0/10
  4744 | D:5      | Learned a level 2 spell: Passwall
  5183 | D:5      | HP: 1/41 [poisoned by a scorpion]
  5184 | D:5      | Succumbed to a scorpion's poison

Illustrated notes

Levels and vault maps discovered:
D:1:      heliophobic_arrival_henge, layout_loops_ring, serial_shops,
          shop_statue, nicolae_shop_statue_plus, shop, shop,
          ebering_ecumenical_altar_mist, minmay_misc_feat_tower,
          chequers_decorated_corner, chequers_serial_rivers_micro_a,
          minmay_distorted
D:2:      minmay_spotlight, layout_loops_ring
D:3:      layout_basic, mainiacjoe_overflow_swirl, serial_shops,
          nicolae_shop_behind_doors
D:4:      layout_loops_ring, nicolae_qazlal_eye_of_the_storm
D:5:      layout_layer_cave, st_stairs_9
D:6:      layout_basic, minmay_temple_entry_stoned_glass

Skill      XL: |  1  2  3  4  5 |
---------------+----------------+-----
Conjurations   | 2 |  2.1
Summonings     | 2 3 |  3.0
Fire Magic     | 1 2 3 |  3.0
Translocations | 3 |  3.3
Fighting       | |  0.1
Dodging        | |  1.8
Stealth        | |  1.7
Spellcasting   | |  3.0
Earth Magic    | |  0.2

Action                   |  1- 3 |  4- 6 || total
-------------------------+-------+-------++-------
Melee: Dagger            |     9 |       ||     9
       Rapier            |    24 |    29 ||    53
       Headbutt          |     3 |     3 ||     6
 Cast: Magic Dart        |    70 |    80 ||   150
       Call Imp          |     8 |    11 ||    19
  Use: Scroll            |     3 |     6 ||     9
       Potion            |       |     2 ||     2
 Stab: Paralysed         |       |    21 ||    21
Armor: Robe              |    11 |     4 ||    15
       Skin              |       |    10 ||    10
Dodge: Dodged            |    34 |    32 ||    66
